 Dungeon Crawl Stone Soup version 0.24-a0-250-g6074511 (webtiles) character file.

Game seed: 16307388721925435026

322 RoseArtemis the Ogre Mage (level 6, 0/61 HPs)
             Began as an Ogre Wizard on Apr 14, 2019.
             Was an Initiate of Sif Muna.
             Succumbed to a scorpion's poison
             ... on level 4 of the Dungeon.
             The game lasted 00:10:23 (4938 turns).

RoseArtemis the Ogre Mage (Ogre Wizard)             Turns: 4938, Time: 00:10:24

Health: 0/61       AC:  3    Str: 12    XL:     6   Next: 47%
Magic:  1/12       EV: 10    Int: 21    God:    Sif Muna [......]
Gold:   305        SH:  0    Dex:  7    Spells: 3/14 levels left

rFire    . . .     SeeInvis .   e - +0 dagger
rCold    . . .     Gourm    .   (no shield)
rNeg     . . .     Faith    .   a - +0 robe
rPois    .         Spirit   .   b - +0 hat
rElec    .         Reflect  .   (no cloak)
rCorr    .         Harm     .   (gloves unavailable)
MR       .....                  (boots unavailable)
Stlth    +.........             (no amulet)
HPRegen  0.20/turn              (no ring)
MPRegen  0.13/turn              (no ring)

@: lethally poisoned (0 -> -25), very slightly contaminated
A: large, unfitting armour, tough skin 1
a: Renounce Religion


You were on level 4 of the Dungeon.
You worshipped Sif Muna.
Sif Muna was noncommittal.
You were not hungry.

You visited 2 branches of the dungeon, and saw 5 of its levels.

You collected 305 gold pieces.

Inventory:

Hand Weapons
 e - a +0 dagger (weapon)
Armour
 a - a +0 robe (worn)
 b - a +0 hat (worn)
 r - a +0 large shield
Jewellery
 k - an uncursed amulet of guardian spirit {unknown}
 o - an uncursed ring of ice
Scrolls
 j - 2 scrolls of amnesia {unknown}
 n - a scroll of enchant weapon {unknown}
 p - a scroll of immolation {unknown}
 q - a scroll of remove curse {unknown}
 t - 3 scrolls of identify
 u - a scroll of magic mapping
Potions
 c - 3 potions of cancellation
 f - a potion of agility {unknown}
 g - a potion of flight {unknown}
 l - a potion of ambrosia {unknown}
 m - 3 potions of curing {unknown}
 s - a potion of resistance {unknown}
Comestibles
 d - 11 rations


   Skills:
 - Level 3.0 Fighting
 + Level 2.9 Dodging
 - Level 1.4 Stealth
 + Level 0.6 Shields
 + Level 4.6 Spellcasting
 * Level 3.3 Conjurations
 - Level 2.1 Summonings
 - Level 0.8 Translocations


You had 3 spell levels left.
You knew the following spells:

 Your Spells              Type           Power        Failure   Level  Hunger
a - Magic Dart            Conj           ###.         2%          1    None
b - Call Imp              Summ           ##......     7%          2    #......
c - Mephitic Cloud        Conj/Pois/Air  #.......     22%         3    ##.....
d - Conjure Flame         Conj/Fire      ##......     17%         3    ##.....
e - Blink                 Tloc           N/A          12%         2    #......

Your spell library contained the following spells:

 Spells                   Type           Power        Failure   Level  Hunger
 Slow                     Hex            #.......     17%         2    #......


Dungeon Overview and Level Annotations

Branches:
Dungeon (4/15)             Temple (1/1) D:4

Altars:
Ashenzari
Cheibriados
Dithmenos
Elyvilon
Gozag
Hepliaklqana
Okawaru
Qazlal
Sif Muna
Trog
Uskayaw
Wu Jian
Yredelemnul
Zin
The Shining One


Innate Abilities, Weirdness & Mutations

You are too large for most types of armour.
You have tough skin. (AC +1)


Message History

You feel sick. The scorpion stings you!
* * * LOW HITPOINT WARNING * * *
You barely miss the scorpion.
* * * LOW HITPOINT WARNING * * *
You feel sick. The scorpion stings you.
* * * LOW HITPOINT WARNING * * *
You hit the scorpion but do no damage.
* * * LOW HITPOINT WARNING * * *
You feel sick. The scorpion closely misses you.
You hit the scorpion but do no damage.
* * * LOW HITPOINT WARNING * * *
You feel sick. The scorpion closely misses you.
You closely miss the scorpion.
* * * LOW HITPOINT WARNING * * *
You feel sick. The scorpion stings you.
* * * LOW HITPOINT WARNING * * *
You are more poisoned.
The scorpion poisons you!
You hit the scorpion.
You die...

≈≈≈,,,,** *,,,*#.....###...[####
≈≈≈,,,,,####..,*#.....# #....#
≈≈,,,,**#.....,*#.....###....####
≈,,,,,,,#.....,*#................
,,,,,*,*#.....**#####............
,*,,,,,,#.....* ####............
,,,,*,,,#...?.* #............<..
,,**,,,*#....†####...............
,,,***,,#......s@................
*,,,*,,,#....................#+##
#########.........####.......+,*
#....##...........######.....#**
#....##.#####................#
......#...# #................#
......#...###................#
......#......................#
......#.#.........######.....#


You could see a scorpion.

Vanquished Creatures
  An ogre (D:4)
  A worker ant (D:4)
  14 adders
  2 oozes
  A worm (D:3)
  2 dart slugs
  3 leopard geckos
  5 orcs (D:3)
  5 giant cockroaches
  5 goblins
  11 hobgoblins
  A jackal (D:2)
  2 quokkas
  A ball python (D:1)
  8 bats
  4 frilled lizards
  7 kobolds
  3 rats
76 creatures vanquished.

Notes
Turn   | Place    | Note
-------+----------+-------------------------------------------
     0 | D:1      | RoseArtemis the Ogre Wizard began the quest for the Orb.
     0 | D:1      | Reached XP level 1. HP: 16/16 MP: 5/5
   109 | D:1      | Reached skill level 1 in Conjurations
   229 | D:1      | Found a shattered altar of Ashenzari.
   232 | D:1      | Reached XP level 2. HP: 22/26 MP: 0/6
   646 | D:1      | Reached skill level 1 in Fighting
   883 | D:1      | Learned a level 2 spell: Call Imp
  1213 | D:2      | Reached XP level 3. HP: 33/33 MP: 2/8
  1218 | D:2      | Learned a level 3 spell: Mephitic Cloud
  1293 | D:2      | Reached skill level 1 in Summonings
  1444 | D:2      | Reached skill level 4 in Spellcasting
  1568 | D:2      | Reached XP level 4. HP: 35/42 MP: 0/10
  2488 | D:3      | Reached XP level 5. HP: 50/50 MP: 5/11
  2624 | D:3      | Learned a level 3 spell: Conjure Flame
  4438 | D:4      | Found a staircase to the Ecumenical Temple.
  4447 | Temple   | Entered the Ecumenical Temple
  4633 | Temple   | Became a worshipper of Sif Muna the Loreminder
  4654 | D:4      | Noticed an ogre
  4666 | D:4      | Killed an ogre
  4666 | D:4      | Reached XP level 6. HP: 61/61 MP: 5/12
  4673 | D:4      | Learned a level 2 spell: Blink
  4922 | D:4      | HP: 2/61 [scorpion (5)]
  4937 | D:4      | HP: 1/61 [scorpion (6)]
  4938 | D:4      | Succumbed to a scorpion's poison

Levels and vault maps discovered:
D:1:      dpeg_arrival_rooms_a, layout_basic, wad_floor_pattern_2,
          evilmike_ruin_ashenzari
D:2:      minmay_chambers_of_ones, layout_basic, first_ration,
          grunt_ministairs_8
D:3:      minmay_wonky_spiral, layout_basic, minivault_26
D:4:      layout_basic, nicolae_overflow_hidden_temple,
          lemuel_temple_firewalk_a, tgw_fedhas
Temple:   eino_narrow_crystal_temple

Skill      XL: |  1  2  3  4  5 |
---------------+----------------+-----
Conjurations   | 1 2 3 |  3.3
Fighting       | 1 2 3 |  3.0
Dodging        | 2 |  2.9
Summonings     | 1 2 |  2.1
Spellcasting   | 4 |  4.6
Stealth        | |  1.4
Shields        | |  0.6
Translocations | |  0.8

Action                   |  1- 3 |  4- 6 || total
-------------------------+-------+-------++-------
Melee: Dagger            |    27 |   105 ||   132
 Cast: Magic Dart        |    75 |   154 ||   229
       Call Imp          |     2 |     1 ||     3
       Mephitic Cloud    |       |     1 ||     1
  Use: Scroll            |       |     4 ||     4
       Potion            |       |     3 ||     3
 Stab: Confused          |       |     1 ||     1
  Eat: Chunk             |     2 |    10 ||    12
Armor: Robe              |    15 |    35 ||    50
Dodge: Dodged            |    25 |    70 ||    95

Table legend:
 A = Non-vault XP
 B = Vault XP
 C = Vault XP percentage of total XP
 D = Non-vault monster count
 E = Vault monster count
 F = Vault count percentage of total count
                 A         B        C        D         E       F
            +---------+---------+-------+---------+---------+-------
      Total |     398 |      63 |  13.7 |      66 |      10 |  13.2
            +---------+---------+-------+---------+---------+-------
        D:1 |      24 |       0 |   0.0 |      15 |       0 |   0.0
        D:2 |      83 |      46 |  35.7 |      23 |       7 |  23.3
        D:3 |     141 |      17 |  10.8 |      26 |       3 |  10.3
        D:4 |     150 |       0 |   0.0 |       2 |       0 |   0.0
            +---------+---------+-------+---------+---------+-------
